Map: Acid Plant LE

Players

Denver - Winner!

  • Race: Zerg Zerg
  • Spawn Location: 5:00

LiquidTLO (TLO)

  • Race: Zerg Zerg
  • Spawn Location: 11:00

Event: WCS Montreal 2018

VOD

Have the link to the VOD?

Description

Time

  • Played on: Sept. 7, 2018, 5:17 p.m.
  • Length: 9:34

All games in this series

Show
View Real Time Build Order
Export as new Build Order

Denver Zerg - Winner!

Build Orders: Hatch First, Zergling Baneling 

Get SALT Encoding   

  12  0:00  Drone  
  13  0:12  Overlord  
  13  0:16  Drone  
  14  0:31  Drone x2  
  14  0:34  Drone  
  17  0:52  Hatchery  
  17  0:55  Drone  
  17  0:58  Drone  
  18  1:08  Extractor  
  17  1:13  Spawning Pool  
  17  1:17  Drone  
  17  1:20  Drone  
  18  1:28  Drone  
  19  1:39  Overlord  
  19  1:50  Drone  
  20  2:00  Queen  
  22  2:01  Zergling x2  
  22  2:03  Queen  
  22  2:04  Zergling x2  
  22  2:08  Metabolic Boost  
  26  2:11  Drone  
  27  2:16  Drone  
  27  2:22  Drone  
  29  2:26  Drone  
  30  2:40  Baneling Nest  
  30  2:42  Hatchery  
  28  2:46  Drone  
  28  2:50  Zergling x4  
  31  2:54  Zergling x2  
  31  2:58  Overlord  
  32  3:01  Drone  
  32  3:05  Drone  
  34  3:11  Drone x2  
  36  3:16  Overlord  
  36  3:24  Baneling x2  
  36  3:25  Drone x3  
  36  3:26  Drone  
  40  3:30  Overlord  
  40  3:34  Zergling x2  
  41  3:39  Zergling x4  
  41  3:40  Baneling  
  41  3:41  Baneling  
  43  3:46  Zergling x6  
  46  3:53  Zergling x8  
  49  3:58  Zergling x4  
  51  4:08  Zergling x2  
  51  4:09  Zergling x2  
  51  4:10  Queen  
  51  4:14  Baneling x2, Evolution Chamber  
  52  4:17  Baneling x2  
  52  4:19  Drone x3  
  52  4:20  Drone  
  56  4:26  Drone x3  
  59  4:33  Overlord  
  59  4:37  Drone x2  
  59  4:38  Drone x2  
  62  4:42  Extractor  
  58  4:48  Drone  
  58  4:49  Drone x4  
  61  4:53  Zerg Missile Weapons Level 1  
  61  4:55  Drone x2  
  61  4:56  Drone  
  61  4:59  Drone  
  64  5:02  Extractor  
  64  5:04  Roach Warren  
  64  5:05  Drone  
  64  5:06  Drone  
  65  5:07  Drone  
  65  5:08  Drone  
  65  5:11  Overlord  
  59  5:24  Overlord  
  59  5:25  Drone  
  60  5:29  Overlord  
  59  5:44  Roach x12  
  59  5:47  Overlord  
  83  5:55  Roach x3  
  83  5:56  Zergling x8  
  93  5:59  Zergling x2  
  93  6:02  Roach  
  95  6:11  Zergling x4  
  96  6:13  Overlord  
  96  6:14  Zergling x2  
  96  6:15  Zergling x4  
  96  6:16  Ravager  
  96  6:17  Ravager  
  101  6:22  Zergling x6  
  104  6:26  Baneling x2  
  104  6:28  Baneling x2  
  104  6:29  Overlord  
  104  6:30  Zergling x2  
  104  6:31  Zergling x2  
  106  6:33  Zergling x10  
  106  6:34  Baneling  
  106  6:35  Baneling  
  106  6:39  Zergling x2  
  109  6:47  Zergling x8  
  109  6:51  Zergling x2  
  106  6:54  Lair  
  106  6:56  Zergling x2  
  106  7:00  Ravager  
  107  7:03  Zergling x12  
  110  7:13  Zergling x10  
  107  7:17  Drone x2, Zerg Ground Armor Level 1  
  103  7:26  Zergling x2  
  103  7:27  Zergling x8  
  103  7:29  Drone  
  98  7:30  Drone x4  
  95  7:39  Drone  
  95  7:40  Drone x4  
  93  7:44  Extractor  
  93  7:45  Extractor, Hatchery  
  84  7:52  Roach x4  
  84  7:53  Glial Reconstitution  
  84  7:58  Roach  
  88  8:00  Roach  
  88  8:04  Queen  
  90  8:06  Roach  
  90  8:07  Roach x6  
  90  8:10  Roach x2  
  107  8:14  Roach x2  
  107  8:17  Queen  
  107  8:19  Overseer  
  108  8:21  Roach x2  
  108  8:29  Roach  
  108  8:30  Roach x2  
  114  8:35  Roach x3  
  114  8:37  Overlord x2  
  114  8:41  Overlord  
  120  8:46  Overlord  
  120  8:47  Extractor  
  119  8:50  Roach  
  119  8:51  Overseer, Overlord  
  121  8:55  Overlord  
  121  8:56  Roach  
  121  8:57  Roach  
  121  8:59  Roach x2  
  121  9:00  Roach  
  132  9:02  Ravager  
  132  9:03  Ravager  
  132  9:06  Drone x4  
  132  9:08  Roach  
  139  9:11  Roach  
Show
View Real Time Build Order
Export as new Build Order

LiquidTLO Zerg 

Build Orders: Hatch First 

Get SALT Encoding   

  12  0:00  Drone  
  13  0:08  Drone  
  14  0:16  Overlord  
  14  0:35  Drone x2  
  16  0:47  Hatchery  
  15  0:52  Drone  
  15  0:55  Drone  
  17  0:58  Drone  
  18  1:06  Extractor  
  17  1:14  Spawning Pool  
  17  1:17  Drone  
  17  1:20  Drone  
  18  1:30  Drone  
  19  1:42  Overlord  
  19  2:00  Queen x2  
  23  2:01  Zergling x2  
  23  2:02  Zergling x2  
  23  2:04  Drone  
  23  2:08  Metabolic Boost  
  26  2:12  Drone  
  27  2:17  Drone  
  27  2:20  Drone  
  29  2:23  Drone  
  30  2:32  Overlord  
  30  2:34  Drone  
  31  2:42  Zergling x2  
  32  2:48  Drone  
  32  2:54  Drone, Hatchery  
  32  2:58  Drone  
  33  3:03  Baneling Nest  
  33  3:04  Drone  
  33  3:08  Drone x2  
  33  3:12  Zergling x2  
  36  3:14  Drone  
  36  3:18  Overlord  
  37  3:21  Zergling x2  
  37  3:23  Drone  
  37  3:24  Drone  
  40  3:28  Zergling x2  
  40  3:29  Zergling x2  
  40  3:33  Zergling x2  
  43  3:41  Zergling x2  
  44  3:42  Zergling x4  
  44  3:43  Zergling x2  
  44  3:45  Queen  
  44  3:48  Zergling x2  
  50  3:52  Zergling x2  
  50  3:53  Zergling x4  
  50  3:55  Zergling x2  
  49  4:06  Drone, Zergling x2  
  49  4:07  Baneling x2  
  49  4:08  Zergling x2  
  47  4:10  Queen  
  47  4:12  Queen  
  47  4:13  Baneling  
  47  4:15  Drone  
  47  4:16  Drone  
  53  4:17  Baneling x2  
  53  4:21  Drone  
  53  4:23  Drone  
  55  4:27  Baneling x2  
  55  4:28  Drone  
  55  4:30  Extractor  
  55  4:33  Drone  
  55  4:35  Roach Warren  
  55  4:36  Drone  
  55  4:37  Zergling x2  
  55  4:38  Zergling x2  
  55  4:41  Overlord  
  54  4:51  Drone  
  54  4:52  Drone  
  55  4:55  Drone  
  55  4:56  Overlord  
  55  4:58  Evolution Chamber, Overlord  
  55  5:03  Drone, Baneling x2  
  55  5:07  Overlord  
  55  5:08  Lair  
  55  5:11  Drone  
  55  5:12  Drone  
  55  5:13  Drone  
  58  5:16  Overlord  
  58  5:19  Extractor  
  58  5:20  Drone x2  
  57  5:24  Zerg Missile Weapons Level 1  
  57  5:26  Drone  
  59  5:28  Drone x2  
  59  5:31  Drone  
  59  5:32  Drone  
  59  5:33  Drone  
  59  5:34  Drone  
  64  5:36  Drone  
  64  5:39  Drone  
  64  5:40  Drone  
  64  5:41  Drone  
  64  5:42  Drone  
  69  5:43  Drone  
  69  5:44  Drone  
  69  5:47  Extractor  
  69  5:48  Extractor  
  69  5:49  Overlord  
  69  5:52  Baneling  
  69  5:53  Zergling x2  
  69  5:55  Drone  
  69  5:57  Drone  
  72  6:01  Extractor, Drone x2  
  73  6:09  Glial Reconstitution  
  72  6:12  Baneling x2  
  72  6:13  Hatchery, Overlord  
  72  6:14  Overseer  
  72  6:17  Drone  
  72  6:20  Roach x3  
  72  6:23  Roach  
  80  6:26  Roach  
  80  6:27  Roach  
  80  6:28  Roach  
  80  6:30  Roach  
  80  6:32  Roach  
  90  6:33  Roach  
  90  6:34  Roach x3  
  90  6:37  Roach  
  101  6:41  Roach  
  101  6:44  Roach  
  105  6:48  Roach  
  95  6:54  Roach  
  95  6:55  Roach x2  
  95  6:56  Roach  
  95  6:57  Roach x2  
  95  6:58  Roach  
  105  7:03  Roach  
  105  7:04  Queen x2  
  105  7:07  Roach  
  103  7:09  Roach  
  103  7:12  Roach  
  103  7:14  Roach  
  99  7:17  Roach  
  99  7:20  Roach  
  88  7:28  Roach  
  79  7:32  Drone  
  79  7:34  Drone  
  79  7:36  Drone  
  74  7:38  Roach  
  74  7:40  Roach  
  69  7:45  Roach  
  69  7:48  Roach  
  71  7:53  Roach  
  71  7:54  Roach  
  71  7:57  Roach  
  67  7:59  Roach  
  67  8:05  Roach  
  67  8:09  Queen  
  67  8:11  Roach  
  67  8:17  Roach  
  65  8:23  Drone, Roach  
  65  8:24  Drone x6  
  74  8:29  Roach  
  74  8:31  Roach  
  78  8:34  Roach  
  78  8:37  Roach  
  78  8:39  Roach  
  84  8:43  Drone  
  84  8:48  Roach  
  87  8:49  Roach  
  87  8:53  Drone  
  90  8:59  Drone  
  90  9:00  Roach  
  93  9:03  Drone x2  
  93  9:06  Roach  
  93  9:08  Roach  
  99  9:11  Roach  
  99  9:13  Roach  
Tags
 
Add a new tag
Caveats
  • Supply blocks, unpowered buildings, or Contaminate may cause inaccurate times.
  • Supply counts are checked every 10 seconds.